 Dungeon Crawl Stone Soup version 0.30-a0-165-g1891117ce2 (webtiles) character file.

Game seed: 9980264400002622760

1748 ryw the Trooper (level 8, -2/55 (58) HPs)
             Began as a Demonspawn Monk on Sept 29, 2022.
             Was a Believer of Hepliaklqana.
             Slain by a wight
             ... wielding a +4 long sword
              (15 damage)
             ... on level 6 of the Dungeon.
             The game lasted 00:15:07 (8273 turns).

ryw the Trooper (Demonspawn Monk)                   Turns: 8273, Time: 00:15:08

HP:   -2/55 (58)    AC:  3    Str: 12    XL:     8   Next: 78%
MP:   18/20         EV: 14    Int: 14    God:    Hepliaklqana [**....]
Gold: 209           SH:  0    Dex: 15    Spells: 6/11 levels left

rFire   . . .      SeeInvis .      - Unarmed
rCold   . . .      Faith    .    (no shield)
rNeg    . . .      Spirit   .    a - +1 robe
rPois   .          Reflect  .    (helmet restricted)
rElec   .          Harm     .    (cloak unavailable)
rCorr   .          Rampage  .    (no gloves)
Will    .....                    (no boots)
Stlth   ++........               (no amulet)
HPRegen 0.18/turn                f - ring of magical power
MPRegen 0.17/turn                (no ring)

@: wereblooded, drained
A: reduced essence, antennae 1, claws 1, foul stench 1, powered by pain 1,
weakness stinger 3
a: Renounce Religion, Recall Ancestor, Ancestor Identity


You were on level 6 of the Dungeon.
You worshipped Hepliaklqana.
Hepliaklqana was pleased with you.
You visited 1 branch of the dungeon, and saw 6 of its levels.

You collected 209 gold pieces.

Inventory:

Hand Weapons
 m - a +4 whip
Missiles
 b - 6 poisoned darts
 d - 6 boomerangs (quivered)
 n - 4 boomerangs of dispersal
Armour
 a - a +1 robe (worn)
Jewellery
 f - a ring of magical power (left claw)
 v - a ring of magical power
Wands
 t - a wand of polymorph (8)
Scrolls
 g - 2 scrolls of fear
 s - a scroll of enchant weapon
Potions
 c - a potion of heal wounds
 e - a potion of magic
 h - 2 potions of curing
 i - a potion of resistance {unknown}
 j - a potion of haste {unknown}
 o - a potion of attraction {unknown}
 r - 4 potions of flight
 u - 2 potions of lignification
Miscellaneous
 q - a piece from Xom's chessboard (15/15)


   Skills:
 + Level 6.5 Fighting
 + Level 5.0 Dodging
 - Level 1.7 Stealth
 * Level 6.2 Unarmed Combat
 - Level 2.4 Spellcasting
 + Level 4.4 Transmutations


You had 6 spell levels left.
You knew the following spells:

 Your Spells              Type           Power      Damage    Failure   Level
a - Wereblood             Tmut           14%        N/A       5%          2
b - Spider Form           Tmut/Pois      7%         N/A       28%         3

Your spell library contained the following spells:

 Spells                   Type           Power      Damage    Failure   Level
 Beastly Appendage        Tmut           28%        N/A       3%          1
 Freeze                   Ice            4%         1d3       22%         1
 Magic Dart               Conj           4%         1d3       22%         1
 Searing Ray              Conj           2%         2d4       34%         2
 Frozen Ramparts          Ice            2%         1d1       56%         3
 Hailstorm                Conj/Ice       1%         3d3       56%         3
 Fulminant Prism          Conj/Hex       0%         3d6       92%         4


Dungeon Overview and Level Annotations

Branches:
Dungeon (6/15)             Temple (0/1) D:5

Altars:
Ashenzari
Gozag
Hepliaklqana
Kikubaaqudgha
Makhleb
Nemelex Xobeh
Okawaru
Sif Muna
Wu Jian
Xom
Yredelemnul


Innate Abilities, Weirdness & Mutations

Your life essence is reduced to manifest your ancestor. (-10% HP)
You have a pair of small antennae on your head.
You have sharp fingernails.
You may rarely emit foul miasma when damaged in melee.
You sometimes gain a little power by taking damage.
You have a sharp stinger which inflicts weakening toxins.


Message History

The wight hits you with a +4 long sword!
The wight hits you with a +0 long sword.
You feel drained.
Sunngifu casts a spell at the wight.
The wight appears confused.
You scratch the wight but do no damage. The wight barely misses you.
The wight hits you with a +4 long sword!
You feel drained.
You are too injured to fight recklessly!
Unknown command.
You are too injured to fight recklessly!
You are too injured to fight recklessly!
Casting: Wereblood (safe; 6% risk of failure)
Confirm with . or Enter, or press ? or * to list all spells.
Your blood is infused with primal strength.
The wight completely misses you.
The wight hits itself but does no damage.
The wight hits you with a +4 long sword!
* * * LOW HITPOINT WARNING * * *
You feel drained.
* * * LOW HITPOINT WARNING * * *
Sunngifu hits the wight with a +0 dagger of draining!
You scratch the wight but do no damage.
The wight is severely damaged.
Sunngifu hits the wight but does no damage.
The wight hits you with a +4 long sword!
* * * LOW HITPOINT WARNING * * *
You emit a cloud of foul miasma!
Sunngifu points at the wight and mumbles some strange words.
The wight appears confused.
You scratch the wight.
The wight is severely damaged.
The wight hits Sunngifu with a +4 long sword!
You scratch the wight.
You feel a bit better.
You destroy the wight!
Sunngifu barely misses the wight.
Sunngifu misses the wight.
Your Dodging skill increases to level 5!
You feel better.
The wight hits you with a +4 long sword!
You die...

#........ ..†##
... .........
....## ...#
......... .....#
... #........
.....# ...
#........ .....#
#.. #.##........
.....# #.#
...........
.....# #.#
##$)z......
.....# #.#
##..@.......
....## #.#
#..#Rz......
....## #.#
##<..).......
##...#
#.###...###......
##..###......##
#....#
##......###.#
.#### #......#
#.# # ###....#
.^# ##........


You could see the friendly Sunngifu the hexer and 2 wights.

Vanquished Creatures
  Grinder (D:5)
  A sky beast (D:4)
  An ogre (D:4)
  A bullfrog (D:6)
  Blork the orc (D:4)
  A scorpion (D:4)
  A necrophage (D:5)
  A wight (D:6)
  2 howler monkeys
  2 hounds
  A jelly (D:5)
  A gnoll bouda (D:5)
  An orc wizard (D:4)
  3 gnolls (D:4)
  10 adders
  A white imp (D:5)
  A worm (D:5)
  2 dart slugs
  11 orcs
  8 endoplasms
  2 giant cockroaches
  15 goblins
  13 hobgoblins
  2 jackals (D:5)
  4 kobolds
  4 quokkas
  9 ball pythons
  4 bats
  3 frilled lizards
  4 rats
111 creatures vanquished.

Vanquished Creatures (collateral kills)
  Eustachio (D:5)
  A sky beast (D:5)
  A necrophage (D:6)
  A scorpion (D:5)
  A jelly (D:4)
  3 hounds
  2 iguanas
  An orc wizard (D:5)
  Robin (D:3)
  5 adders
  An ufetubus (D:6)
  A dart slug (D:5)
  2 orcs (D:4)
  A ball python (D:4)
  2 endoplasms (D:4)
  6 goblins
  A hobgoblin (D:4)
  A kobold (D:3)
  2 butterflies (D:3)
34 creatures vanquished.

Vanquished Creatures (others)
  A hexer (D:4)
1 creature vanquished.

Grand Total: 146 creatures vanquished

Notes
Turn   | Place    | Note
-------+----------+-------------------------------------------
     0 | D:1      | ryw the Demonspawn Monk began the quest for the Orb.
     0 | D:1      | Reached XP level 1. HP: 18/18 MP: 1/1
   397 | D:1      | Discovered your monstrous ancestry.
   397 | D:1      | Gained mutation: You have a small tail. [demonic ancestry]
   397 | D:1      | Reached XP level 2. HP: 15/24 MP: 2/2
  1252 | D:2      | Gained mutation: You sometimes gain a little power by
                  | taking damage. [demonic ancestry]
  1252 | D:2      | Reached XP level 3. HP: 6/31 MP: 3/3
  1729 | D:2      | Learned a level 1 spell: Beastly Appendage
  1898 | D:2      | Gained mutation: You have a pair of small antennae on your
                  | head. [demonic ancestry]
  1898 | D:2      | Reached XP level 4. HP: 34/38 MP: 4/4
  2934 | D:3      | Found a basalt altar of Yredelemnul.
  2949 | D:3      | Reached skill level 1 in Transmutations
  3049 | D:3      | Found a shimmering altar of Xom.
  3253 | D:3      | Found a sparkling altar of Nemelex Xobeh.
  3265 | D:3      | Found a hazy altar of Hepliaklqana.
  3300 | D:3      | Became a worshipper of Hepliaklqana the Forgotten
  3300 | D:3      | Reached * piety under Hepliaklqana
  3300 | D:3      | Reached ** piety under Hepliaklqana
  3301 | D:3      | Remembered your ancestor Sunngifu as a hexer
  3388 | D:3      | Gained mutation: You have a tail ending in a sharp stinger.
                  | [demonic ancestry]
  3388 | D:3      | Reached XP level 5. HP: 15/38 MP: 6/6
  3585 | D:3      | Noticed Robin
  3595 | D:3      | Killed Robin
  3596 | D:3      | Reached skill level 1 in Spellcasting
  3817 | D:3      | Found a shimmering blue altar of Sif Muna.
  4346 | D:3      | Learned a level 2 spell: Wereblood
  4350 | D:3      | Learned a level 3 spell: Spider Form
  4585 | D:4      | Noticed an ogre
  4592 | D:4      | Killed an ogre
  4593 | D:4      | Reached skill level 5 in Fighting
  4593 | D:4      | Gained mutation: You have sharp fingernails. [demonic
                  | ancestry]
  4593 | D:4      | Reached XP level 6. HP: 33/45 MP: 8/8
  5479 | D:4      | Gained mutation: You may rarely emit foul miasma when
                  | damaged in melee. [demonic ancestry]
  5479 | D:4      | Reached XP level 7. HP: 47/50 MP: 10/10
  5630 | D:4      | Noticed Blork the orc
  6078 | D:4      | Killed Blork the orc
  6502 | D:4      | Found an ancient bone altar of Kikubaaqudgha.
  6604 | D:5      | Entered Level 5 of the Dungeon
  6629 | D:5      | Found a burning altar of Makhleb.
  6629 | D:5      | Noticed a balrug
  6632 | D:5      | Noticed a hellwing
  6632 | D:5      | Noticed a ynoxinul
  7140 | D:5      | Found an iron altar of Okawaru.
  7291 | D:5      | Found an ornate altar of the Wu Jian Council.
  7291 | D:5      | Found a broken altar of Ashenzari.
  7342 | D:5      | Found a staircase to the Ecumenical Temple.
  7427 | D:5      | Gained mutation: You have a sharp stinger which inflicts
                  | weakening toxins. [demonic ancestry]
  7427 | D:5      | Reached XP level 8. HP: 56/57 MP: 11/11
  7456 | D:5      | Reached skill level 5 in Unarmed Combat
  7536 | D:5      | Found an opulent altar of Gozag.
  7545 | D:5      | Identified the +4 long sword "Killer Klown's Foe" {flame,
                  | rF+ Dex-5 Stlth+}
  7680 | D:5      | Noticed Grinder
  7710 | D:5      | Killed Grinder
  7985 | D:5      | Noticed Eustachio
  7998 | D:5      | Killed Eustachio
  8273 | D:6      | Reached skill level 5 in Dodging
  8273 | D:6      | Slain by a wight

Illustrated notes

Levels and vault maps discovered:
D:1:      dpeg_arrival_boxes_within_box, layout_loops_cross,
          minmay_misc_feat_encased
D:2:      layout_loops_ring, minmay_small_reverse_x
D:3:      layout_loops_corners, xom_butterflies, nicolae_overflow_crystal_walls,
          lemuel_crystal_altar, mainiacjoe_overflow_24_doors,
          lemuel_doored_altar, amcnicky_mini_corridor_feature, uniq_robin
D:4:      layout_basic, marbit_many_paths, minmay_distorted, uniq_blork_the_orc
D:5:      layout_rooms, mainiacjoe_overflow_six_doors_small,
          makhleb_altar_promises_db, mainiacjoe_overflow_surrounded_room,
          gammafunk_temple_overflow_pools,
          minmay_temple_entry_statues_fountains, minmay_holes, minmay_puff,
          uniq_eustachio, uniq_grinder
D:6:      layout_rooms, amcnicky_altar_gilded,
          nicolae_ru_great_annihilating_truth, reono_crystal_passage,
          st_stairs_6

Skill      XL: |  1  2  3  4  5  6  7  8 |
---------------+-------------------------+-----
Fighting       | 4 5 6 |  6.5
Transmutations | 1 2 3 4 |  4.4
Unarmed Combat | 3 4 6 |  6.2
Spellcasting   | 1 2 |  2.4
Dodging        | 3 4 5 |  5.0
Stealth        | |  1.7

Action                   |  1- 3 |  4- 6 |  7- 9 || total
-------------------------+-------+-------+-------++-------
Melee: Unarmed           |   157 |   202 |   128 ||   487
       Punch             |     4 |     7 |     5 ||    16
       Tailslap          |    12 |    25 |    20 ||    57
       Kick              |       |     4 |       ||     4
 Cast: Beastly Appendage |       |     3 |       ||     3
       Wereblood         |       |     1 |     5 ||     6
Invok: Ancestor Life: He |       |     1 |       ||     1
       Recall Ancestor   |       |     3 |     1 ||     4
  Use: Potion            |     2 |     1 |     1 ||     4
       Scroll            |       |       |    13 ||    13
 Stab: Sleeping          |    10 |     2 |     2 ||    14
       Confused          |       |     4 |     5 ||     9
       Distracted        |       |     1 |     3 ||     4
Armor: Robe              |    17 |    18 |     7 ||    42
Dodge: Dodged            |   107 |   127 |    58 ||   292

Table legend: (Time is in decaauts)
 A = Elapsed time spent in this place.
 B = Non-inter-level travel time spent in this place.
 C = Inter-level travel time spent in this place.
 D = Time resting spent in this place.
 E = Time spent auto-exploring this place.
 F = Levels seen in this place.
 G = Mean time per level.
                   A        B        C        D        E       F      G
               +--------+--------+--------+--------+--------+-----+--------+
         Total |   8243 |   8000 |    243 |   1715 |   5126 |   6 | 1373.8 |
       Dungeon |   8243 |   8000 |    243 |   1715 |   5126 |   6 | 1373.8 |
               +--------+--------+--------+--------+--------+-----+--------+

Top non-repeatable levels by time:
     D:3: 2587 daAuts
     D:5: 1541 daAuts
     D:4: 1512 daAuts
     D:2: 1258 daAuts
     D:1: 1226 daAuts
     D:6: 116 daAuts
